 Dungeon Crawl Stone Soup version 0.20-a0-1017-gc3250ce (webtiles) character file.

90 AlphabetPasta the Charmwright (level 4, 0/35 HPs)
             Began as a Gnoll Skald on Apr 18, 2017.
             Was an Initiate of Nemelex Xobeh.
             Slain by an adder (2 damage)
             ... on level 2 of the Dungeon.
             The game lasted 00:06:16 (1441 turns).

AlphabetPasta the Charmwright (Gnoll Skald)         Turns: 1441, Time: 00:06:16

Health: 0/35       AC:  3    Str: 11    XL:     4   Next: 56%
Magic:  3/9        EV: 13    Int: 13    God:    Nemelex Xobeh [......]
Gold:   95         SH:  0    Dex: 13    Spells: 1/9 levels left

rFire    . . .     SeeInvis .   a - +1 falchion
rCold    . . .     Gourm    .   (no shield)
rNeg     . . .     Faith    .   b - +0 leather armour
rPois    .         Spirit   .   (no helmet)
rElec    .         Reflect  .   (no cloak)
rCorr    .         Harm     .   (no gloves)
MR       .....                  (no boots)
Stlth    +.........             (no amulet)
Regen    0.2/turn               (no ring)
MPRegen  0.2/turn               (no ring)

@: lethally poisoned (0 -> -10), infused, very slightly contaminated, invisible
A: short attention span, fangs 1, strong nose
a: Renounce Religion


You were on level 2 of the Dungeon.
You worshipped Nemelex Xobeh.
Nemelex Xobeh was noncommittal.
You were not hungry.

You visited 1 branch of the dungeon, and saw 2 of its levels.

You collected 95 gold pieces.

Inventory:

Hand Weapons
 a - a +1 falchion (weapon)
 m - a +0 hunting sling
Missiles
 h - 68 stones (quivered)
Armour
 b - a +0 leather armour (worn)
 p - a +0 cloak
Scrolls
 e - 2 scrolls of teleportation
 l - a scroll of magic mapping {unknown}
Potions
 n - a potion of flight
 o - a potion of brilliance
Books
 c - a book of Battle

   Spells                             Type                      Level
   a - Infusion                       Charms                       1
   b - Shroud of Golubria             Charms/Translocation         2
   c - Song of Slaying                Charms                       2
   d - Spectral Weapon                Hexes/Charms                 3
   e - Regeneration                   Charms/Necromancy            3
Miscellaneous
 k - a plain deck of summoning
Comestibles
 d - 2 bread rations
 f - 7 chunks of flesh
 i - a meat ration
 j - a royal jelly


   Skills:
 + Level 3.3 Fighting
 * Level 4.4 Long Blades
 * Level 2.0 Slings
 + Level 1.9 Armour
 + Level 3.5 Dodging
 + Level 3.4 Spellcasting
 * Level 5.1 Charms
 + Level 1.9 Invocations


You had one spell level left.
You knew the following spells:

 Your Spells              Type           Power        Failure   Level  Hunger
a - Infusion              Chrm           ###.         4%          1    #......
b - Song of Slaying       Chrm           ###.....     8%          2    ##.....
c - Shroud of Golubria    Chrm/Tloc      #.........   17%         2    ##.....
d - Regeneration          Chrm/Necr      #.........   34%         3    ###....


Dungeon Overview and Level Annotations

Branches:
Dungeon (2/15)

Altars:
Nemelex Xobeh


Innate Abilities, Weirdness & Mutations

You have a short attention span.
You have very sharp teeth.
Your uncanny sense of smell can sniff out nearby items.


Message History

You are very lightly contaminated with residual magic.
Unknown command.
You barely miss the adder.
The adder is heavily wounded.
* * * LOW HITPOINT WARNING * * *
You feel sick. The adder closely misses you.
You riposte.
You hit the adder!
You kill the adder!
Your Slings skill increases to level 2!
You closely miss the adder.
* * * LOW HITPOINT WARNING * * *
You feel sick. The adder completely misses you.
You barely miss the adder.
* * * LOW HITPOINT WARNING * * *
You feel sick. The adder completely misses you. The adder barely misses you.
You hit the adder!
The adder is severely wounded.
* * * LOW HITPOINT WARNING * * *
You feel sick. The adder bites you.
You die...
Your body disappears without a glow.

##+#...#
#.......###...##.##...
.......#
#............##...##..
.......#
#.......###..#.8.8.##.
.....# #####'###
#.#.......#. .....#
#.# #.##.8.8.#..
)....# #.#
#..##.).##.. <....#
#.# ##..##.## . .....#
#.# #....## ##+### #@#
#.##....# #S#
#..#######
###.###.#####.##
................
###.###÷########
#.#....# ∆ ∆ #(..#..#
##..#..# #.....#


You could see an adder.

Vanquished Creatures
  5 adders (D:2)
  A worm (D:2)
  A dart slug (D:2)
  2 leopard geckos
  3 giant cockroaches
  5 goblins (D:1)
  5 hobgoblins
  5 bats
  3 frilled lizards
  6 kobolds
  6 rats
42 creatures vanquished.

Notes
Turn   | Place    | Note
-------+----------+-------------------------------------------
     0 | D:1      | AlphabetPasta the Gnoll Skald began the quest for the Orb.
     0 | D:1      | Reached XP level 1. HP: 18/18 MP: 4/4
   123 | D:1      | Found a sparkling altar of Nemelex Xobeh.
   168 | D:1      | Reached XP level 2. HP: 20/24 MP: 6/6
   175 | D:1      | Learned a level 2 spell: Song of Slaying
   178 | D:1      | Learned a level 2 spell: Shroud of Golubria
   222 | D:1      | Became a worshipper of Nemelex Xobeh the Trickster
   259 | D:1      | Received a gift from Nemelex Xobeh
   525 | D:1      | Reached XP level 3. HP: 29/29 MP: 5/7
   533 | D:1      | Learned a level 3 spell: Regeneration
   542 | D:1      | Reached skill level 1 in Invocations
   792 | D:2      | Learned a level 3 spell: Regeneration
   822 | D:2      | Reached skill level 5 in Charms
  1196 | D:2      | Reached skill level 1 in Slings
  1216 | D:2      | Reached XP level 4. HP: 21/35 MP: 1/9
  1441 | D:2      | Slain by an adder

Vault maps used:
D:1:      lightli_iron_boxes, st_stairs_5, nemelex_xobeh_ov_fountains_minmay
D:2:      minmay_heptomino_w4

Skill      XL: |  1  2  3  4 |
---------------+-------------+-----
Invocations    | 1 |  1.9
Charms         | 5 |  5.1
Long Blades    | 4 |  4.4
Slings         | 1 2 |  2.0
Fighting       | |  3.3
Armour         | |  1.9
Dodging        | |  3.5
Spellcasting   | |  3.4

Action                   |  1- 3 |  4- 6 || total
-------------------------+-------+-------++-------
Melee: Falchion          |    88 |    27 ||   115
       Bite              |     4 |     3 ||     7
 Cast: Infusion          |    13 |     3 ||    16
  Use: Scroll            |     5 |     2 ||     7
       Potion            |       |     1 ||     1
  Eat: Chunk             |     1 |     1 ||     2
Armor: Leather armour    |    19 |     2 ||    21
Dodge: Dodged            |    52 |    17 ||    69
       Rpst.: Falchion   |    16 |     5 ||    21
